 Dungeon Crawl Stone Soup version 0.29.1-15-g9cfb28693d (webtiles) character file.

Game seed: 13853034232010336214

125 Mune the Conjurer (level 4, -7/24 HPs)
             Began as a Deep Elf Conjurer on Mar 12, 2023.
             Mangled by Sigmund
             ... wielding a +0 scythe
              (8 damage)
             ... on level 3 of the Dungeon.
             The game lasted 00:04:20 (2559 turns).

Mune the Conjurer (Deep Elf Conjurer)               Turns: 2559, Time: 00:04:21

Health: -7/24      AC:  2    Str:  4    XL:     4   Next: 82%
Magic:  11/12      EV: 13    Int: 25    God:
Gold:   64         SH:  0    Dex: 13    Spells: 10/11 levels left

rFire   . . .      SeeInvis .   j - +3 dagger (freeze)
rCold   . . .      Faith    .   (no shield)
rNeg    . . .      Spirit   .   a - +0 robe
rPois   .          Reflect  .   (no helmet)
rElec   .          Harm     .   (no cloak)
rCorr   .          Rampage  .   (no gloves)
Will    .....                   (no boots)
Stlth   ++........              (no amulet)
HPRegen 0.08/turn               (no ring)
MPRegen 0.13/turn               (no ring)

@: no status effects
A: no striking features
a: no special abilities


You were on level 3 of the Dungeon.
You visited 1 branch of the dungeon, and saw 3 of its levels.

You collected 64 gold pieces.

Inventory:

Hand Weapons
 d - a +0 short sword
 j - a +3 dagger of freezing (weapon)
Missiles
 e - 36 stones
Armour
 a - a +0 robe (worn)
Scrolls
 c - 3 scrolls of identify {unknown}
 g - 2 scrolls of amnesia {unknown}
 i - a scroll of magic mapping {unknown}
 o - a scroll of butterflies {unknown}
Potions
 b - a potion of magic
 h - a potion of mutation {unknown}
 l - a potion of attraction {unknown}
 m - a potion of berserk rage {unknown}
 n - a potion of might {unknown}


   Skills:
 + Level 3.6 Dodging
 - Level 2.4 Stealth
 + Level 4.3 Spellcasting
 * Level 5.7 Conjurations


You had 10 spell levels left.
You knew the following spells:

 Your Spells              Type           Power      Damage    Failure   Level
a - Magic Dart            Conj           100%       1d8       1%          1

Your spell library contained the following spells:

 Spells                   Type           Power      Damage    Failure   Level
 Searing Ray              Conj           68%        2d6       1%          2
 Dazzling Flash           Conj/Hex       38%        N/A       9%          3
 Fulminant Prism          Conj/Hex       9%         3d7       26%         4
 Iskenderun's Mystic Bla  Conj/Tloc      19%        2d6       26%         4


Dungeon Overview and Level Annotations

Branches:
Dungeon (3/15)

Altars:

Annotations:
D:3 Sigmund


Message History

The magic dart hits the hobgoblin!
You kill the hobgoblin!
You can't see any susceptible monsters within range! (Use Z to cast anyway.)
Found 4 stones.
Sigmund the Dreaded comes into view.
He is wielding a +0 scythe.
The magic dart hits Sigmund.
Sigmund is lightly wounded.
Sigmund shouts!
Sigmund points at you and mumbles some strange words.
You are confused.
You're too confused to cast spells.
You're too confused to cast spells.
You're too confused to cast spells.
You're too confused to cast spells.
Sigmund gestures at you while chanting. The puff of flame misses you.
Sigmund says, "Your kind have come here before.
I understand now why.
You desire death..."
Sigmund casts a spell.
Sigmund flickers and vanishes!
Deactivating autopickup; reactivate with Ctrl-A.
You're too confused to cast spells.
A magic dart appears from out of thin air!
The magic dart hits you.
You feel less confused.
A magic dart appears from out of thin air!
The magic dart hits you. Something hits you!
* * * LOW HITPOINT WARNING * * *
You hit something. You freeze something. Something hits you.
* * * LOW HITPOINT WARNING * * *
You barely miss something. Something completely misses you.
You miss something.
As you read the scroll labelled XINADWINIUXE, it crumbles to dust.
It is a scroll of enchant weapon.
Your +2 dagger of freezing glows red for a moment.
Something barely misses you.
As you read the scroll labelled HOER SABROL, it crumbles to dust.
You hear a loud clanging noise!
It was a scroll of noise.
Something hits you!
You die...

######## #.{....#
#@####.# #.# #.#
#.# #.# #.#
#.#########+# #.#
#.....#......
#.########{#.$....
#.#......#........
#........#.....[..
####.#####>.......


There were no monsters in sight!

Vanquished Creatures
  4 adders
  3 gnolls (D:2)
  A worm (D:2)
  3 dart slugs
  3 bats
  4 endoplasms
  2 giant cockroaches
  3 goblins
  9 hobgoblins
  2 quokkas
  8 ball pythons
  2 frilled lizards
  4 kobolds
  4 rats
52 creatures vanquished.

Notes
Turn   | Place    | Note
-------+----------+-------------------------------------------
     0 | D:1      | Mune the Deep Elf Conjurer began the quest for the Orb.
     0 | D:1      | Reached XP level 1. HP: 10/10 MP: 6/6
   347 | D:1      | Reached XP level 2. HP: 15/15 MP: 4/8
   909 | D:2      | Reached skill level 5 in Conjurations
   909 | D:2      | Reached XP level 3. HP: 16/19 MP: 6/10
  1154 | D:2      | Reached XP level 4. HP: 19/24 MP: 7/11
  1382 | D:2      | Found a faded altar of an unknown god.
  2526 | D:3      | Noticed Sigmund
  2555 | D:3      | HP: 1/24 [something (4)]
  2559 | D:3      | Mangled by Sigmund

Illustrated notes

Levels and vault maps discovered:
D:1:      psy_arrival_fountain, layout_loops_ring
D:2:      kb_forest_paths, layout_basic, chequers_ecumenical_altar_island
D:3:      layout_basic, zin_academy, uniq_sigmund

Skill      XL: |  1  2  3  4 |
---------------+-------------+-----
Dodging        | 3 |  3.6
Conjurations   | 5 |  5.7
Spellcasting   | 4 |  4.3
Stealth        | |  2.4

Action                   |  1- 3 |  4- 6 || total
-------------------------+-------+-------++-------
Melee: Short sword       |     7 |       ||     7
       Dagger            |       |     3 ||     3
 Cast: Magic Dart        |    52 |    52 ||   104
  Use: Scroll            |       |     2 ||     2
Armor: Robe              |     2 |       ||     2
Dodge: Dodged            |    11 |     4 ||    15
